[ PARTIDA AOE2 · #504603797 ]
UnrankedBizantinos vs Burgundians
Equipo del jugador · VICT
Equipo rival · DERR
[ ANÁLISIS DE REPETICIÓN · EXTRAÍDO DE LA PARTIDA GRABADA ]
Feudal
8:27
Castillos
21:32
Imperial
25:57
| APM promedio | 22.5 |
| APM pico | 58 |
| eAPM promedio | 15.9 |
| Aldeanos / militares | 64 / 55 |
Foco
⚔️ 30.3% · 🌾 69.7%
Spearman ×27 · Monk ×19 · Trebuchet (Packed) ×6 · Cataphract ×2 · Mangonel ×1
Feudal
10:39
Castillos
23:49
Imperial
—
| APM promedio | 30.2 |
| APM pico | 64 |
| eAPM promedio | 19.5 |
| Aldeanos / militares | 60 / 44 |
Foco
⚔️ 20.3% · 🌾 79.7%
Monk ×24 · Knight ×9 · Coustillier ×6 · Scorpion ×5
Mapa de la partida
Recursos iniciales + cada clic de construcción. Líneas = muros · curvas = relieve. ◆ oro · ⬟ piedra · ● bayas · ✦ reliquia · ◌ hueco del cierre
Tu base· ✓ Cerrada en 21:32 · 0t muro · 2 puerta(s)
Base de MongolMania· ✓ Cerrada en 23:49 · 8t muro · 2 puerta(s)
Terreno inicial suavizado · ◌ = hueco del cierre detectado · pasá el cursor para detalles
Inputs por minuto
— jj1471 - - MongolMania
Build order — jj1471
Primeras 150 de 189 acciones detectadas
| 0:01 | Encolar | Villager (Male) |
| 0:01 | Encolar | Villager (Male) |
| 0:02 | Encolar | Villager (Male) |
| 0:02 | Encolar | Villager (Male) |
| 0:03 | Construir | House |
| 0:04 | Construir | House |
| 1:28 | Encolar | Villager (Male) |
| 1:48 | Construir | Lumber Camp |
| 2:03 | Encolar | Villager (Male) |
| 2:21 | Encolar | Villager (Male) |
| 2:45 | Encolar | Villager (Male) |
| 3:09 | Encolar | Villager (Male) |
| 3:23 | Construir | House |
| 3:32 | Encolar | Villager (Male) |
| 4:01 | Encolar | Villager (Male) |
| 4:20 | Construir | Mill |
| 4:28 | Encolar | Villager (Male) |
| 4:28 | Encolar | Villager (Male) |
| 4:29 | Encolar | Villager (Male) |
| 4:34 | Investigar | Loom |
| 6:17 | Investigar | Feudal Age |
| 6:47 | Construir | Mining Camp |
| 7:22 | Construir | House |
| 7:47 | Construir | House |
| 7:55 | Encolar | Villager (Male) |
| 8:27 | Edad | Edad Feudal |
| 8:31 | Construir | Watch Tower |
| 8:35 | Investigar | Double-Bit Axe |
| 8:38 | Encolar | Villager (Male) |
| 9:01 | Encolar | Villager (Male) |
| 9:28 | Encolar | Villager (Male) |
| 9:38 | Investigar | Horse Collar |
| 9:51 | Encolar | Villager (Male) |
| 9:52 | Encolar | Villager (Male) |
| 10:10 | Encolar | Villager (Male) |
| 10:23 | Construir | Farm |
| 10:23 | Construir | Farm |
| 10:59 | Construir | Watch Tower |
| 11:12 | Construir | Watch Tower |
| 11:13 | Encolar | Villager (Male) |
| 11:26 | Encolar | Villager (Male) |
| 11:54 | Construir | Blacksmith |
| 11:57 | Encolar | Villager (Male) |
| 12:19 | Construir | Farm |
| 12:26 | Encolar | Villager (Male) |
| 12:37 | Investigar | Fletching |
| 12:47 | Encolar | Villager (Male) |
| 12:49 | Construir | House |
| 12:55 | Construir | House |
| 12:56 | Construir | House |
| 13:01 | Encolar | Villager (Male) |
| 13:21 | Construir | Farm |
| 13:27 | Construir | House |
| 13:28 | Construir | House |
| 13:34 | Encolar | Villager (Male) |
| 13:40 | Construir | Farm |
| 13:51 | Construir | Farm |
| 14:02 | Encolar | Villager (Male) |
| 14:22 | Construir | Farm |
| 14:26 | Construir | Farm |
| 14:29 | Encolar | Villager (Male) |
| 14:48 | Investigar | Wheelbarrow |
| 15:07 | Construir | Mining Camp |
| 15:54 | Construir | Market |
| 16:01 | Encolar | Villager (Male) |
| 16:06 | Construir | Farm |
| 16:28 | Encolar | Villager (Male) |
| 16:33 | Construir | Farm |
| 16:52 | Construir | Farm |
| 16:53 | Encolar | Villager (Male) |
| 17:06 | Construir | Watch Tower |
| 17:16 | Encolar | Villager (Male) |
| 17:25 | Construir | Farm |
| 17:46 | Encolar | Villager (Male) |
| 18:09 | Encolar | Villager (Male) |
| 18:52 | Investigar | Castle Age |
| 20:14 | Construir | House |
| 20:24 | Construir | House |
| 20:26 | Construir | House |
| 20:48 | Encolar | Villager (Male) |
| 20:55 | Construir | House |
| 21:17 | Construir | House |
| 21:32 | Edad | Edad de los Castillos |
| 21:40 | Construir | Castle |
| 21:45 | Encolar | Villager (Male) |
| 22:04 | Encolar | Villager (Male) |
| 22:32 | Construir | Mining Camp |
| 22:44 | Investigar | Imperial Age |
| 22:52 | Investigar | Bodkin Arrow |
| 23:37 | Encolar | Villager (Male) |
| 23:44 | Construir | Monastery |
| 24:18 | Encolar | Monk |
| 24:24 | Construir | Monastery |
| 24:33 | Encolar | Monk |
| 24:46 | Construir | Siege Workshop |
| 25:03 | Encolar | Monk |
| 25:42 | Encolar | Villager (Male) |
| 25:57 | Edad | Edad Imperial |
| 26:01 | Encolar | Trebuchet (Packed) |
| 26:07 | Construir | Lumber Camp |
| 26:08 | Encolar | Villager (Male) |
| 26:34 | Encolar | Trebuchet (Packed) |
| 26:48 | Investigar | Block Printing |
| 26:52 | Encolar | Villager (Male) |
| 26:58 | Encolar | Mangonel |
| 27:17 | Encolar | Villager (Male) |
| 27:24 | Encolar | Trebuchet (Packed) |
| 27:41 | Encolar | Villager (Male) |
| 27:56 | Encolar | Monk |
| 28:01 | Investigar | Bow Saw |
| 28:08 | Encolar | Villager (Male) |
| 28:28 | Encolar | Monk |
| 28:28 | Encolar | Monk |
| 28:29 | Encolar | Villager (Male) |
| 28:41 | Encolar | Villager (Male) |
| 28:43 | Construir | Barracks |
| 28:44 | Construir | Barracks |
| 28:53 | Investigar | Theocracy |
| 29:01 | Encolar | Villager (Male) |
| 29:03 | Construir | Farm |
| 29:04 | Construir | Farm |
| 29:04 | Construir | Farm |
| 29:04 | Construir | Farm |
| 29:09 | Construir | Farm |
| 29:21 | Investigar | Illumination |
| 29:22 | Encolar | Villager (Male) |
| 29:27 | Investigar | Pikeman (upgrade) |
| 29:34 | Construir | House |
| 29:34 | Construir | House |
| 29:34 | Construir | House |
| 29:35 | Construir | House |
| 29:35 | Construir | House |
| 29:45 | Encolar | Villager (Male) |
| 29:59 | Encolar | Spearman ×5 |
| 30:05 | Encolar | Villager (Male) |
| 30:08 | Encolar | Monk |
| 30:08 | Encolar | Monk |
| 30:11 | Construir | Barracks |
| 30:46 | Construir | Lumber Camp |
| 30:51 | Encolar | Monk |
| 30:51 | Encolar | Monk |
| 30:56 | Encolar | Spearman |
| 30:57 | Encolar | Spearman |
| 31:07 | Investigar | Atonement |
| 31:09 | Encolar | Villager (Male) |
| 31:20 | Encolar | Villager (Male) |
| 31:25 | Encolar | Monk |
| 31:26 | Encolar | Monk |
| 31:29 | Encolar | Spearman |
| 31:29 | Encolar | Spearman |
Build order — MongolMania
Primeras 150 de 177 acciones detectadas
| 0:02 | Encolar | Villager (Male) ×4 |
| 0:03 | Construir | House |
| 0:06 | Construir | House |
| 1:37 | Encolar | Villager (Male) |
| 1:37 | Encolar | Villager (Male) |
| 1:54 | Construir | Lumber Camp |
| 1:57 | Encolar | Villager (Male) |
| 1:57 | Encolar | Villager (Male) |
| 2:32 | Encolar | Villager (Male) |
| 2:32 | Encolar | Villager (Male) |
| 3:17 | Encolar | Villager (Male) |
| 3:34 | Encolar | Villager (Male) |
| 3:41 | Construir | House |
| 3:48 | Investigar | Double-Bit Axe |
| 4:15 | Encolar | Villager (Male) |
| 4:16 | Encolar | Villager (Male) |
| 4:44 | Encolar | Villager (Male) |
| 4:44 | Encolar | Villager (Male) |
| 4:51 | Construir | Mill |
| 5:06 | Encolar | Villager (Male) |
| 5:06 | Encolar | Villager (Male) |
| 5:13 | Construir | House |
| 5:47 | Encolar | Villager (Male) |
| 6:09 | Encolar | Villager (Male) |
| 6:09 | Encolar | Villager (Male) |
| 6:09 | Encolar | Villager (Male) |
| 7:00 | Encolar | Villager (Male) |
| 7:01 | Encolar | Villager (Male) |
| 7:45 | Construir | Mining Camp |
| 8:21 | Investigar | Feudal Age |
| 8:54 | Construir | Mining Camp |
| 9:15 | Investigar | Stone Mining |
| 9:59 | Construir | Palisade Wall |
| 10:06 | Construir | Palisade Wall |
| 10:30 | Investigar | Loom |
| 10:31 | Encolar | Villager (Male) |
| 10:31 | Encolar | Villager (Male) |
| 10:31 | Encolar | Villager (Male) |
| 10:39 | Edad | Edad Feudal |
| 10:45 | Construir | Watch Tower |
| 10:53 | Construir | Watch Tower |
| 10:59 | Construir | Blacksmith |
| 11:03 | Construir | House |
| 11:05 | Construir | House |
| 11:36 | Encolar | Villager (Male) |
| 11:43 | Investigar | Fletching |
| 11:45 | Encolar | Villager (Male) |
| 12:38 | Construir | Farm |
| 12:40 | Investigar | Bow Saw |
| 12:42 | Investigar | Horse Collar |
| 12:46 | Construir | Farm |
| 12:49 | Construir | Farm |
| 12:55 | Encolar | Villager (Male) |
| 13:36 | Encolar | Villager (Male) |
| 13:38 | Construir | Farm |
| 13:59 | Construir | Watch Tower |
| 14:16 | Construir | Farm |
| 14:22 | Encolar | Villager (Male) |
| 14:23 | Encolar | Villager (Male) |
| 14:28 | Construir | Farm |
| 14:32 | Construir | Farm |
| 14:35 | Construir | Farm |
| 14:39 | Construir | Farm |
| 14:44 | Construir | Farm |
| 14:46 | Encolar | Villager (Male) |
| 15:31 | Construir | Watch Tower |
| 15:54 | Encolar | Villager (Male) |
| 15:55 | Encolar | Villager (Male) |
| 16:14 | Encolar | Villager (Male) |
| 16:20 | Construir | Market |
| 16:49 | Construir | House |
| 17:01 | Encolar | Villager (Male) |
| 17:02 | Encolar | Villager (Male) |
| 17:32 | Construir | Watch Tower |
| 18:56 | Encolar | Villager (Male) |
| 18:57 | Encolar | Villager (Male) |
| 18:57 | Encolar | Villager (Male) |
| 19:11 | Investigar | Gold Mining |
| 19:34 | Encolar | Villager (Male) |
| 19:43 | Construir | Lumber Camp |
| 20:20 | Construir | Farm |
| 20:22 | Construir | Farm |
| 20:30 | Construir | Farm |
| 20:31 | Construir | Farm |
| 20:33 | Construir | Farm |
| 20:38 | Construir | Farm |
| 20:39 | Encolar | Villager (Male) |
| 20:49 | Construir | Mining Camp |
| 21:09 | Investigar | Castle Age |
| 21:09 | Investigar | Castle Age |
| 21:10 | Investigar | Castle Age |
| 21:47 | Investigar | Stone Shaft Mining |
| 22:10 | Construir | House |
| 22:12 | Construir | House |
| 22:47 | Construir | Barracks |
| 23:22 | Investigar | Wheelbarrow |
| 23:24 | Encolar | Villager (Male) |
| 23:25 | Encolar | Villager (Male) |
| 23:25 | Encolar | Villager (Male) |
| 23:49 | Edad | Edad de los Castillos |
| 23:55 | Construir | Castle |
| 24:46 | Construir | Town Center |
| 25:03 | Construir | Monastery |
| 25:26 | Investigar | Gold Shaft Mining |
| 25:32 | Investigar | Bodkin Arrow |
| 25:53 | Encolar | Monk |
| 25:53 | Encolar | Monk |
| 25:54 | Encolar | Monk |
| 25:54 | Encolar | Monk |
| 25:54 | Encolar | Monk |
| 26:17 | Construir | Barracks |
| 26:25 | Construir | Farm |
| 26:26 | Construir | Farm |
| 26:27 | Construir | Farm |
| 26:30 | Construir | Farm |
| 26:31 | Construir | Farm |
| 26:32 | Encolar | Villager (Male) |
| 26:33 | Encolar | Villager (Male) |
| 26:36 | Construir | Farm |
| 26:46 | Construir | Farm |
| 26:54 | Investigar | Scale Barding Armor |
| 26:58 | Encolar | Coustillier ×4 |
| 27:02 | Encolar | Villager (Male) |
| 27:04 | Encolar | Villager (Male) |
| 27:26 | Encolar | Villager (Male) |
| 27:27 | Encolar | Villager (Male) |
| 27:28 | Encolar | Villager (Male) |
| 27:47 | Encolar | Coustillier ×2 |
| 27:55 | Encolar | Villager (Male) |
| 27:57 | Encolar | Villager (Male) |
| 28:04 | Construir | Stable |
| 29:02 | Construir | House |
| 29:03 | Construir | House |
| 29:03 | Construir | House |
| 29:03 | Construir | House |
| 29:03 | Construir | House |
| 29:04 | Construir | House |
| 29:07 | Investigar | Cavalier (upgrade) |
| 29:11 | Investigar | Chain Barding Armor |
| 29:38 | Encolar | Knight |
| 29:39 | Encolar | Knight |
| 30:35 | Construir | Siege Workshop |
| 30:53 | Investigar | Husbandry |
| 31:11 | Construir | Farm |
| 31:14 | Construir | Farm |
| 31:27 | Investigar | Atonement |
| 31:40 | Investigar | Forging |
| 31:43 | Encolar | Knight |
| 31:43 | Encolar | Knight |
| 31:43 | Encolar | Knight |
Cronología de la partida
| 8:27 | jj1471 · age_up feudal |
| 9:59 | MongolMania · wall_segment Palisade Wall x3 |
| 10:06 | MongolMania · wall_segment Palisade Wall x5 |
| 10:39 | MongolMania · age_up feudal |
| 17:20 | MongolMania · first_market_buy 100 stone |
| 20:45 | jj1471 · first_market_buy 100 stone |
| 20:55 | MongolMania · first_market_sell 500 wood |
| 21:32 | jj1471 · age_up castle |
| 21:40 | jj1471 · first_building Castle |
| 21:50 | jj1471 · first_market_sell 100 wood |
| 22:47 | MongolMania · first_building Barracks |
| 23:44 | jj1471 · first_building Monastery |
| 23:49 | MongolMania · age_up castle |
| 23:55 | MongolMania · first_building Castle |
| 24:46 | jj1471 · first_building Siege Workshop |
| 25:03 | MongolMania · first_building Monastery |
| 25:57 | jj1471 · age_up imperial |
| 28:04 | MongolMania · first_building Stable |
| 28:43 | jj1471 · first_building Barracks |
| 30:35 | MongolMania · first_building Siege Workshop |
| 36:57 | MongolMania · resign |
[ ANÁLISIS IA · 1 CRÉDITO ]
¿Qué pasó realmente en esta partida?
Wolo.gg analiza cada decisión: build order, eco, micro, errores típicos por bracket. Análisis personalizado por WhatsApp o Discord en 30 segundos.
Guía civ
Bizantinos
Perfil
jj1471